 Dungeon Crawl Stone Soup version 0.29-a0-284-gf9362112df (webtiles) character file.

Game seed: 16803873076667791390

90 Hubjo the Sneak (level 4, -1/33 HPs)
             Began as a Demonspawn Enchanter on Mar 16, 2022.
             Slain by Terence
             ... wielding a +2 falchion of holy wrath
              (8 damage)
             ... on level 2 of the Dungeon.
             The game lasted 00:03:41 (2658 turns).

Hubjo the Sneak (Demonspawn Enchanter)              Turns: 2658, Time: 00:03:42

Health: -1/33      AC:  5    Str:  8    XL:     4   Next: 32%
Magic:  7/7        EV: 12    Int: 16    God:
Gold:   52         SH:  0    Dex: 16    Spells: 8/8 levels left

rFire   . . .      SeeInvis .   a - +1 dagger
rCold   . . .      Faith    .   (no shield)
rNeg    . . .      Spirit   .   b - +1 robe
rPois   .          Reflect  .   (no helmet)
rElec   .          Harm     .   (no cloak)
rCorr   .          Rampage  .   (no gloves)
Will    .....                   (no boots)
Stlth   +++.......              (no amulet)
HPRegen 0.11/turn               (no ring)
MPRegen 0.10/turn               (no ring)

@: no status effects
A: icy blue scales 1
a: no special abilities


You were on level 2 of the Dungeon.
You visited 1 branch of the dungeon, and saw 2 of its levels.

You collected 52 gold pieces.

Inventory:

Hand Weapons
 a - a +1 dagger (weapon)
Armour
 b - a +1 robe (worn)
Scrolls
 d - a scroll of enchant armour
 e - a scroll of torment {unknown}
 f - a scroll of identify {unknown}
 g - 2 scrolls of teleportation {unknown}
 h - a scroll of amnesia
Potions
 c - 2 potions of invisibility
 i - a potion of degeneration {unknown}


   Skills:
 * Level 2.1 Fighting
 - Level 0.8 Short Blades
 - Level 1.7 Dodging
 * Level 3.6 Stealth
 + Level 2.5 Spellcasting
 + Level 3.4 Hexes


You had 8 spell levels left.
You didn't know any spells.
Your spell library contained the following spells:

 Spells                   Type           Power      Damage    Failure   Level
 Ensorcelled Hibernation  Hex/Ice        14%        N/A       14%         2
 Confusing Touch          Hex            13%        N/A       14%         3
 Tukima's Dance           Hex            13%        N/A       14%         3
 Foxfire                  Conj/Fire      8%         2x1d4     21%         1
 Dazzling Flash           Conj/Hex       14%        N/A       28%         3
 Inner Flame              Hex/Fire       7%         N/A       28%         3
 Conjure Flame            Conj/Fire      2%         6-21      52%         3
 Flame Wave               Conj/Fire      2%         2d4       89%         4


Dungeon Overview and Level Annotations

Branches:
Dungeon (2/15)

Altars:

Annotations:
D:2 Terence


Innate Abilities, Weirdness & Mutations

You are partially covered in icy blue scales. (AC +2)


Message History

No target in view!
No target in view!
No target in view!
No target in view!
No target in view!
No target in view!
No target in view!
No target in view!
No target in view!
i - a fizzy orange potion
Found an escape hatch in the floor.
There is an escape hatch in the floor here.
Terence the Incautious comes into view.
He is wielding a +2 falchion of holy wrath.
Terence is nearby!
The helpless Terence fails to defend himself.
You puncture Terence!
Terence is almost dead.
Terence hits you with a +2 falchion of holy wrath.
You convulse.
You hit Terence but do no damage.
Terence is almost dead.
Terence hits you with a +2 falchion of holy wrath!
You convulse!
You are too injured to fight recklessly!
You are too injured to fight recklessly!
You are too injured to fight recklessly!
You are too injured to fight recklessly!
You are too injured to fight recklessly!
You are too injured to fight recklessly!
You are too injured to fight recklessly!
You are too injured to fight recklessly!
You are too injured to fight recklessly!
You are too injured to fight recklessly!
You are too injured to fight recklessly!
You are too injured to fight recklessly!
You are too injured to fight recklessly!
Terence hits you with a +2 falchion of holy wrath.
* * * LOW HITPOINT WARNING * * *
You convulse!
You die...

#.#### #...รท.........#.....# #.#
#.#####.##....#.....#
#####.############.####.##.....#
#.....>............. ..####.#.##
#####.####....##############.....
#.................. .............
#####....#....###.# #.........##
#....#....###.####.........#
#....#......@..............#
#....#......@................
#....####.........###.##+#.##
#....# #.........# #. .... #....#
#.........# #. #.## #.........# #
.# #####+#####


You could see Terence.

Vanquished Creatures
  Natasha (twice) (D:2)
  4 endoplasms
  A giant cockroach (D:1)
  4 goblins (D:1)
  A hobgoblin (D:1)
  8 jackals
  2 quokkas
  6 bats
  3 frilled lizards
  6 kobolds
37 creatures vanquished.

Notes
Turn   | Place    | Note
-------+----------+-------------------------------------------
     0 | D:1      | Hubjo the Demonspawn Enchanter began the quest for the Orb.
     0 | D:1      | Reached XP level 1. HP: 13/13 MP: 3/3
   423 | D:1      | Gained mutation: You are partially covered in icy blue
                  | scales. (AC +2) [demonic ancestry]
   423 | D:1      | Reached XP level 2. HP: 18/20 MP: 5/5
   725 | D:1      | Reached skill level 1 in Fighting
  1871 | D:2      | Reached XP level 3. HP: 10/26 MP: 6/6
  1964 | D:2      | Noticed Natasha
  1973 | D:2      | Killed Natasha
  2361 | D:2      | Noticed Natasha
  2380 | D:2      | Killed Natasha
  2381 | D:2      | Reached XP level 4. HP: 6/33 MP: 7/7
  2649 | D:2      | Noticed Terence
  2658 | D:2      | Slain by Terence

Illustrated notes

Levels and vault maps discovered:
D:1:      dpeg_arrival_simpleton_b, layout_basic
D:2:      layout_basic, shapermc_ecumenical_altar_petra, uniq_terence,
          uniq_natasha

Skill      XL: |  1  2  3 |
---------------+----------+-----
Fighting       | 1 2 |  2.1
Stealth        | 3 |  3.6
Short Blades   | |  0.8
Dodging        | |  1.7
Spellcasting   | |  2.5
Hexes          | |  3.4

Action                   |  1- 3 |  4- 6 || total
-------------------------+-------+-------++-------
Melee: Dagger            |   182 |     6 ||   188
       Punch             |     1 |       ||     1
  Use: Scroll            |     2 |       ||     2
       Potion            |     1 |       ||     1
 Stab: Sleeping          |     7 |     1 ||     8
Armor: Robe              |    73 |     2 ||    75
Dodge: Dodged            |   117 |     3 ||   120

Table legend: (Time is in decaauts)
 A = Elapsed time spent in this place.
 B = Non-inter-level travel time spent in this place.
 C = Inter-level travel time spent in this place.
 D = Time resting spent in this place.
 E = Time spent auto-exploring this place.
 F = Levels seen in this place.
 G = Mean time per level.
                   A        B        C        D        E       F      G
               +--------+--------+--------+--------+--------+-----+--------+
         Total |   2658 |   2573 |     85 |      0 |   2197 |   2 | 1329.0 |
       Dungeon |   2658 |   2573 |     85 |      0 |   2197 |   2 | 1329.0 |
               +--------+--------+--------+--------+--------+-----+--------+

Top non-repeatable levels by time:
     D:1: 1812 daAuts
     D:2: 845 daAuts
